 Dungeon Crawl Stone Soup version 0.27-a0-1525-g1038ab4fd7 (webtiles) character file.

Game seed: 8036263575350503297

105 nyamberluvr69 the Skirmisher (level 4, 0/34 HPs)
             Began as an Octopode Berserker on July 10, 2021.
             Was a Believer of Trog.
             Killed by divine providence
             ... invoked by an orc priest
              (10 damage)
             ... on level 3 of the Dungeon.
             The game lasted 00:03:07 (2614 turns).

nyamberluvr69 the Skirmisher (Octopode Berserker)   Turns: 2614, Time: 00:03:07

Health: 0/34       AC:  1    Str: 16    XL:     4   Next: 81%
Magic:  4/4        EV: 13    Int:  9    God:    Trog [**....]
Gold:   57         SH:  0    Dex: 12    Spells: 3/3 levels left

rFire    . . .     SeeInvis .   a - +0 falchion
rCold    . . .     Faith    .   (no shield)
rNeg     . . .     Spirit   .   (helmet restricted)
rPois    .         Reflect  .   (no amulet)
rElec    .         Harm     .   (no ring)
rCorr    .         Rampage  .   (no ring)
Will     .....                  (no ring)
Stlth    ++........             (no ring)
HPRegen  0.11/turn              (no ring)
MPRegen  0.09/turn              (no ring)
                                (no ring)
                                (no ring)

@: no status effects
A: almost no armour, amphibious, 8 rings, camouflage 1, gelatinous body 1,
(nimble swimmer 1), tentacles
a: Renounce Religion, Berserk, Trog's Hand


You were on level 3 of the Dungeon.
You worshipped Trog.
Trog was pleased with you.
You visited 1 branch of the dungeon, and saw 3 of its levels.

You collected 57 gold pieces.

Inventory:

Hand Weapons
 a - a +0 falchion (weapon)
Scrolls
 d - 2 scrolls of teleportation {unknown}
 f - 2 scrolls of magic mapping {unknown}
 i - a scroll of identify {unknown}
 j - a scroll of vulnerability {unknown}
 k - a scroll of fear {unknown}
Potions
 b - 2 potions of flight {unknown}
 c - a potion of cancellation {unknown}
 e - a potion of lignification {unknown}
 g - a potion of curing {unknown}
 h - a potion of heal wounds {unknown}


   Skills:
 + Level 4.3 Fighting
 + Level 4.3 Long Blades
 - Level 3.0 Dodging


You had 3 spell levels left.
You didn't know any spells.
Your spell library was empty.

Dungeon Overview and Level Annotations

Branches:
Dungeon (3/15)

Altars:
Zin

Shops:
D:2 (


Innate Abilities, Weirdness & Mutations

You cannot wear most types of armour.
You are amphibious.
You can wear up to eight rings at the same time.
Your skin changes colour to match your surroundings (Stealth+).
Your rubbery body absorbs attacks. (AC +1, EV +1)
((You are camouflaged near water. (Stealth+)))
You have tentacles for arms and can constrict up to eight enemies at once.


Message History

You climb downwards.
There is a stone staircase leading up here.
You open the gate.
There is an open gate here.
You open the gate.
An endoplasm comes into view.
Found a glowing silver altar of Zin.
An endoplasm is nearby!
There is an open gate here.
The helpless endoplasm fails to defend itself.
You hit the endoplasm.
The endoplasm is moderately wounded.
The endoplasm barely misses you.
You barely miss the endoplasm. You squeeze the endoplasm.
You kill the endoplasm!
Trog accepts your kill.
No target in view!
There is an open gate here.
You open the gate.
An orc priest comes into view. It is wielding a +0 dagger.
An orc comes into view. It is wielding a +0 club.
There is an open gate here.
An orc priest comes into view. It is wielding a +0 short sword.
The orc priest shouts! x2
An orc comes into view. It is wielding a +0 flail.
There is an open gate here.
You close the gate.
You start waiting.
The orc priest invokes the aid of Beogh against you.
Beogh smites you!
An orc comes into view. It is wielding a +0 whip.
The orc shouts!
The orc shouts!
The orc priest mumbles some strange prayers to Beogh against you.
Beogh smites you!
* * * LOW HITPOINT WARNING * * *
There is an open gate here.
The orc priest invokes the aid of Beogh against you.
Beogh smites you!
You die...

.......##.......
......o.+.......
#..o.......
##'''######
+.oo..'...#
+.PPP.'._.#
+.....'...#
###'''######
#..@..# #..<###
#####


You could see 2 orc priests and 2 orcs.

Vanquished Creatures
  4 adders (D:2)
  3 worms (D:2)
  A dart slug (D:2)
  3 ball pythons (D:1)
  6 bats
  7 endoplasms
  2 giant cockroaches
  7 goblins
  4 hobgoblins
  6 jackals (D:1)
  6 kobolds
  2 quokkas (D:1)
  2 frilled lizards (D:1)
53 creatures vanquished.

Notes
Turn   | Place    | Note
-------+----------+-------------------------------------------
     0 | D:1      | nyamberluvr69 the Octopode Berserker began the quest for
                  | the Orb.
     0 | D:1      | Reached XP level 1. HP: 16/16 MP: 1/1
   400 | D:1      | Reached XP level 2. HP: 21/21 MP: 2/2
   628 | D:1      | Reached XP level 3. HP: 16/26 MP: 3/3
  1203 | D:1      | Reached ** piety under Trog
  1485 | D:2      | Found Laiweoc's Antique Weapon Shop.
  1579 | D:2      | Reached XP level 4. HP: 29/33 MP: 4/4
  2593 | D:3      | Found a glowing silver altar of Zin.
  2614 | D:3      | Killed from afar by an orc priest

Illustrated notes

Levels and vault maps discovered:
D:1:      dpeg_arrival_radiant, layout_basic, fountainhead, glass_columns_c
D:2:      layout_basic, serial_shops, shop, grunt_ministairs_10,
          nicolae_underground_beach
D:3:      minmay_razor_zed, layout_basic, mainiacjoe_overflow_big_doors,
          chequers_mini_garden

Skill      XL: |  1  2  3  4 |
---------------+-------------+-----
Long Blades    | 4 |  4.3
Fighting       | 4 |  4.3
Dodging        | |  3.0

Action                   |  1- 3 |  4- 6 || total
-------------------------+-------+-------++-------
Melee: Falchion          |    66 |    29 ||    95
       Constrict         |    21 |     5 ||    26
       Tentacles         |    10 |     5 ||    15
 Stab: Sleeping          |     9 |     4 ||    13
Armor: Skin              |     7 |       ||     7
Dodge: Dodged            |    40 |    13 ||    53
       Rpst.: Falchion   |    10 |     3 ||    13

Table legend: (Time is in decaauts)
 A = Elapsed time spent in this place.
 B = Non-inter-level travel time spent in this place.
 C = Inter-level travel time spent in this place.
 D = Time resting spent in this place.
 E = Time spent auto-exploring this place.
 F = Levels seen in this place.
 G = Mean time per level.
                   A        B        C        D        E       F      G
               +--------+--------+--------+--------+--------+-----+--------+
         Total |   2623 |   2560 |     63 |    279 |   1968 |   3 |  874.3 |
       Dungeon |   2623 |   2560 |     63 |    279 |   1968 |   3 |  874.3 |
               +--------+--------+--------+--------+--------+-----+--------+

Top non-repeatable levels by time:
     D:1: 1491 daAuts
     D:2: 1104 daAuts
     D:3: 27 daAuts
